Map: Tokamak LE

Players

Prome - Winner!

  • Race: Protoss Protoss
  • League: Master
  • Spawn Location: 7:00

은하전용자판기

  • Race: Zerg Zerg
  • League: Diamond
  • Spawn Location: 1:00

VOD

Have the link to the VOD?

Description

Time

  • Played on: Aug. 21, 2025, 10:59 a.m.
  • Length: 6:54
Show
View Real Time Build Order
Export as new Build Order

Prome Protoss - Winner!

Build Orders: 1 Gate Expand 

Get SALT Encoding   

  12  0:00  Probe  
  13  0:12  Probe  
  14  0:21  Pylon  
  14  0:24  Probe  
  15  0:37  Probe  
  15  0:41  Gateway  
  16  0:45  Probe  
  17  0:50  Assimilator  
  17  0:53  Probe  
  18  1:05  Probe  
  19  1:17  Probe  
  20  1:24  Nexus  
  20  1:33  Cybernetics Core  
  20  1:36  Probe  
  21  1:43  Assimilator  
  21  1:48  Probe  
  21  1:53  Pylon  
  22  2:00  Probe  
  23  2:08  Stalker  
  23  2:09  Probe, Warp Gate  
  26  2:17  Probe  
  27  2:23  Robotics Facility  
  27  2:26  Probe  
  28  2:33  Probe  
  28  2:34  Probe  
  29  2:38  Adept  
  29  2:41  Probe  
  29  2:43  Probe  
  32  2:51  Probe  
  34  2:53  Probe  
  36  3:01  Immortal  
  36  3:03  Probe  
  36  3:05  Probe  
  38  3:08  Adept  
  44  3:16  Pylon  
  44  3:19  Pylon  
  44  3:20  Probe  
  44  3:21  Probe  
  46  3:34  Probe  
  46  3:36  Immortal  
  46  3:37  Gateway  
  51  3:46  Probe x2  
  51  3:47  Gateway  
  53  3:52  Gateway  
  53  3:57  Sentry  
  53  3:59  Gateway  
  55  4:04  Gateway  
  55  4:09  Warp Prism  
  57  4:17  Gateway  
  57  4:22  Sentry  
  59  4:25  Pylon  
  59  4:27  Pylon  
  59  4:28  Pylon  
  59  4:32  Sentry  
  61  4:40  Pylon  
  61  4:43  Sentry  
  61  4:45  Sentry  
  65  4:57  Zealot x3  
  71  5:01  Pylon  
  71  5:05  Pylon  
  71  5:15  Stalker x3  
  71  5:17  Stalker  
  79  5:30  Zealot x2, Stalker  
  85  5:38  Zealot x3  
  91  5:42  Zealot  
  93  5:57  Zealot x3  
  93  6:03  Zealot x4  
  95  6:20  Stalker x3  
  87  6:34  Stalker x2  
  87  6:35  Zealot x2  
Show
View Real Time Build Order
Export as new Build Order

은하전용자판기 Zerg 

Build Orders: Hatch First 

Get SALT Encoding   

  12  0:00  Drone  
  13  0:12  Overlord  
  13  0:17  Drone  
  14  0:30  Drone x2  
  14  0:34  Drone  
  17  0:50  Hatchery  
  17  0:53  Drone  
  17  0:57  Drone  
  18  1:07  Extractor  
  17  1:12  Spawning Pool  
  17  1:17  Drone  
  17  1:19  Drone  
  18  1:27  Drone  
  19  1:39  Drone  
  20  1:52  Hatchery  
  20  1:59  Queen  
  21  2:01  Drone  
  22  2:11  Metabolic Boost  
  22  2:14  Drone  
  23  2:16  Drone  
  23  2:18  Drone  
  23  2:22  Zergling x2  
  26  2:27  Overlord  
  26  2:32  Zergling x2  
  26  2:35  Drone  
  28  2:44  Overlord  
  28  2:45  Drone  
  29  2:54  Zergling x2  
  29  2:55  Drone  
  31  3:04  Drone x2  
  31  3:05  Queen x2  
  33  3:07  Drone  
  33  3:09  Drone  
  33  3:12  Drone  
  40  3:14  Drone  
  40  3:16  Drone  
  40  3:18  Drone  
  43  3:21  Drone  
  44  3:30  Drone x3  
  47  3:36  Spore Crawler  
  47  3:37  Spore Crawler  
  47  3:38  Drone  
  47  3:39  Drone  
  47  3:40  Drone  
  48  3:46  Roach Warren  
  47  3:51  Evolution Chamber, Drone x2  
  47  3:54  Drone  
  47  3:55  Extractor  
  48  4:02  Extractor  
  48  4:03  Extractor, Drone  
  48  4:04  Drone x2  
  49  4:14  Overlord x2  
  49  4:16  Zerg Missile Weapons Level 1  
  50  4:24  Drone  
  50  4:25  Overlord  
  50  4:26  Overlord  
  50  4:34  Roach  
  50  4:35  Roach x4  
  50  4:36  Roach  
  62  4:40  Drone x2  
  64  4:46  Lair  
  64  4:49  Drone  
  64  4:50  Drone  
  66  4:53  Roach  
  66  4:56  Roach  
  66  4:59  Ravager  
  71  5:00  Ravager, Roach  
  74  5:09  Overlord x2  
  74  5:20  Overlord x2  
  74  5:29  Roach  
  74  5:31  Overlord x3  
  75  5:39  Roach x4  
  75  5:41  Roach  
  84  5:43  Overseer  
  84  5:51  Roach x2  
  84  5:54  Roach  
  84  5:56  Ravager x3  
  93  5:59  Roach  
  90  6:05  Roach x2  
  90  6:09  Roach  
  86  6:13  Roach  
  73  6:19  Roach  
  73  6:20  Roach x2  
  73  6:23  Overlord  
  68  6:27  Roach  
  68  6:30  Roach  
  68  6:31  Roach  
  68  6:32  Roach  
Tags
 
Add a new tag
Caveats
  • Supply blocks, unpowered buildings, or Contaminate may cause inaccurate times.
  • Supply counts are checked every 10 seconds.